 Dungeon Crawl Stone Soup version 0.20.1-1-g8b1a95d (webtiles) character file.

51378 Thyrion the Destroyer (level 14, -19/118 HPs)
             Began as a Yellow Draconian Conjurer on Oct 14, 2017.
             Was a High Priest of Sif Muna.
             Killed from afar by a deep elf knight (25 damage)
             ... with a shard of ice
             ... on level 1 of the Elven Halls on Oct 16, 2017.
             The game lasted 06:46:07 (22692 turns).

Thyrion the Destroyer (Yellow Draconian Conjurer)  Turns: 22692, Time: 06:46:10

Health: -19/118    AC: 18    Str: 11    XL:     14   Next: 23%
Magic:  1/25       EV: 18    Int: 19    God:    Sif Muna [*****.]
Gold:   1220       SH:  8    Dex: 13    Spells: 3/28 levels left

rFire    . . .     SeeInvis .   Q - +1 scimitar (flame)
rCold    . . .     Gourm    .   P - +3 buckler {AC+3}
rNeg     + . .     Faith    .   (armour unavailable)
rPois    .         Spirit   .   (helmet restricted)
rElec    .         Reflect  .   R - +1 cloak
rCorr    +         Harm     .   G - +1 pair of gloves
MR       ++...                  L - +2 pair of boots
Stlth    +++.......             q - amulet of regeneration
Regen    0.7/turn               f - ring of protection from magic
MPRegen  0.2/turn               J - ring of positive energy

@: short of breath, divine energy
A: spit acid, acid resistance, unfitting armour, acidic bite, cold-blooded, AC
+8
a: Breathe Acid, Stop Divine Energy, Channel Magic, Forget Spell, Renounce
Religion


You were on level 1 of the Elven Halls.
You worshipped Sif Muna.
Sif Muna was extremely pleased with you.
You were near starving.

You visited 4 branches of the dungeon, and saw 17 of its levels.

You collected 2116 gold pieces.
You spent 896 gold pieces at shops.

Inventory:

Hand Weapons
 a - a +2 vampiric long sword
 g - a +2 long sword of freezing
 p - a +0 dire flail of protection
 s - a +2 dagger of venom
 x - a +1 hand axe of electrocution
 C - a +0 hunting sling
 Q - a +1 scimitar of flaming (weapon)
 Z - a +2 hand axe of freezing
Missiles
 k - 45 sling bullets
 O - 7 poisoned tomahawks (quivered)
Armour
 l - a +0 large shield
 G - a +1 pair of gloves (worn)
 L - a +2 pair of boots (worn)
 P - a +3 buckler of protection (worn)
 R - a +1 cloak (worn)
Jewellery
 f - a ring of protection from magic (left hand)
 q - an amulet of regeneration (around neck)
 J - a ring of positive energy (right hand)
Wands
 d - a wand of lightning (3/15)
 e - a wand of random effects (2/48)
 o - a wand of acid (5/15)
 U - a wand of digging (10/24)
Scrolls
 v - a scroll of magic mapping
 z - 3 scrolls of remove curse
 D - a scroll of fear
 F - 2 scrolls of recharging
 I - 2 scrolls of fog
 K - 2 scrolls of teleportation
Potions
 c - 2 potions of magic
 h - 3 potions of ambrosia
 i - 4 potions of lignification
 m - 6 potions of curing
 n - 2 potions of haste
 r - 3 potions of brilliance
 t - a potion of cancellation
 u - a potion of invisibility
 M - 2 potions of agility
 T - a potion of resistance
Books
 y - Fucef's Reference Book on Destructive Air
   (Sif Muna gifted it to you on level 12 of the Dungeon)

   Spells                             Type                      Level
   a - Poisonous Vapours              Poison/Air                   2
   b - Static Discharge               Conjuration/Air              3
   c - Stone Arrow                    Conjuration/Earth            3
   d - Conjure Ball Lightning         Conjuration/Air              6
   e - Iron Shot                      Conjuration/Earth            6
   f - Spellforged Servitor           Conjuration/Summoning        7
Comestibles
 b - 10 bread rations
 B - 4 meat rations


   Skills:
 + Level 9.2 Fighting
 + Level 10.8 Dodging
 - Level 6.0 Stealth
 + Level 5.5 Shields
 + Level 7.6 Spellcasting
 * Level 12.4 Conjurations
 * Level 9.1 Hexes
 + Level 3.6 Necromancy
 + Level 4.4 Air Magic
 - Level 6.0 Invocations
 - Level 2.1 Evocations


You had 3 spell levels left.
You knew the following spells:

 Your Spells              Type           Power        Failure   Level  Hunger
a - Sublimation of Blood  Necr           ###.......   3%          2    None
b - Searing Ray           Conj           ######       1%          2    None
c - Dazzling Spray        Conj/Hex       #####.       1%          3    #......
d - Iskenderun's Mystic   Conj           ######..     1%          4    ###....
e - Fulminant Prism       Conj/Hex       #####.....   1%          4    ###....
f - Static Discharge      Conj/Air       #####...     1%          3    #......
g - Confuse               Hex            #####...     1%          3    #......
h - Force Lance           Conj/Tloc      ####....     7%          4    ###....


Dungeon Overview and Level Annotations

Branches:
Dungeon (13/15)            Temple (0/1) D:5            Lair (1/6) D:9
    Orc (2/2) D:12            Elf (1/3) Orc:2
 Vaults: D:13-14

Altars:
Dithmenos
Nemelex Xobeh
Okawaru
Sif Muna
Vehumet
Xom
Yredelemnul
The Shining One
Beogh

Shops:
D:5 !   D:8 :   D:9 =   D:11 (   D:13 [%   Orc:1 !   Orc:2 ?*%(

Portals:
Trove: D:12 (give 13 potions of heal wounds)

Annotations:
D:1 cleared
D:2 cleared, exclusion: downstairs
D:3 cleared, exclusion: 2 downstairs
D:4 cleared
D:5 cleared
D:6 cleared, exclusion: downstairs
D:7 cleared
D:8 cleared
D:9 cleared
D:10 cleared, exclusion: downstairs
D:11 cleared
D:12 cleared, exclusion: downstairs
D:13 !dangerous @ XL 13
Orc:1 cleared
Orc:2 cleared


Innate Abilities, Weirdness & Mutations

You can spit globs of acid.
You are resistant to acid.
Your golden yellow scales are hard. (AC +8)
You cannot fit into any form of body armour.
You have acidic saliva.
You are cold-blooded and may be slowed by cold attacks.


Message History

Aiming: Random Effects (will waste charges)
Press: ? - help, Shift-Dir - straight line The puff of flame hits something.
Evoking this partially-identified wand wasted a few charges.
You hear some strange, mumbled words.
A shard of ice appears from out of thin air!
The shard of ice hits you!
* * * LOW HITPOINT WARNING * * *
Okay, then.
Okay, then.
Okay, then.
Press: ? - help, Shift-Dir - straight line You spit a glob of acid.
You are near starving!
You regain access to your magic.
You block something's attack.
You hear some strange, mumbled words.
A shard of ice appears from out of thin air!
The shard of ice hits you!
You die...

##)......#######
#.......[...(..##
.......>........+
.............$..+
................##+##
....................##
#....................##
##....................##
##.......(....(@{.....#
#########..((#.......#
##(....((......#
#.......)).....#
#..............+
#.............##
##...........##
##.........##
##.......##


There were no monsters in sight!

Vanquished Creatures
  A stone giant (Orc:2)
  A vault guard (D:12)
  A hydra (D:13)
  Erica (D:8)
  A centaur warrior (D:13)
  3 dancing weapons (Elf:1)
  8 two-headed ogres
  9 orc high priests (Orc:2)
  Nergalle (Orc:1)
  The ghost of mfyou the Cleaver, a novice MiBe of Trog (D:7)
  A skeletal warrior (D:13)
  3 deep elf knights (Elf:1)
  2 unseen horrors (D:11)
  Pikel (D:4)
  3 deep elf magi
  7 orc knights
  A cyclops (Orc:1)
  Joseph (D:8)
  2 gargoyles
  A kobold demonologist (D:13)
  A centaur skeleton (D:12)
  A komodo dragon (D:9)
  An efreet (D:13)
  7 trolls
  The ghost of ShornTheSheep the Slasher, an amateur MiBe of Trog (D:5)
  A meliai (D:13)
  6 slime creatures (D:12)
  Grinder (D:4)
  A hornet (D:10)
  4 hippogriffs
  A spriggan (D:8)
  A shadow (D:12)
  11 yaks (D:12)
  Sigmund (D:5)
  The ghost of patcoet the Sneak, an amateur FeMo (D:3)
  4 wyverns
  A vampire (D:11)
  4 wraiths
  2 hungry ghosts
  Eustachio (D:4)
  Grum (D:8)
  A fire elemental (Elf:1)
  4 vampire mosquitoes (D:13)
  Menkaure (D:6)
  29 wargs
  An acid dragon (D:13)
  2 slaves (D:4)
  24 orc warriors
  A black bear (D:9)
  4 ice beasts
  2 eyes of draining
  A necrophage (D:9)
  5 phantoms
  8 centaurs
  2 wolves (D:9)
  2 crocodiles
  13 ogres
  4 big kobolds
  6 bullfrogs
  3 earth elementals (Elf:1)
  2 wyvern skeletons
  3 scorpions
  2 troll zombies (D:12)
  12 wights
  6 killer bees (D:7)
  4 howler monkeys
  10 crimson imps
  2 centaur zombies
  6 hounds
  7 jellies
  A human zombie (D:9)
  41 orc priests
  Crazy Yiuf (D:4)
  A bullfrog skeleton (D:7)
  4 iguanas
  2 human skeletons (D:9)
  Jessica (D:3)
  24 orc wizards
  Natasha (thrice) (D:3)
  7 worker ants
  6 ogre zombies (D:12)
  A mummy (D:9)
  A worker ant zombie (D:11)
  11 adders
  14 gnolls
  4 shadow imps
  An ooze (D:4)
  2 worms (D:2)
  2 dart slugs
  4 leopard geckos
  117 orcs
  6 giant cockroaches
  5 goblins
  16 hobgoblins
  5 jackals
  A quokka (D:5)
  10 bats
  7 frilled lizards
  2 goblin skeletons (D:12)
  4 goblin zombies (D:12)
  18 kobolds
  A leopard gecko zombie (D:6)
  4 orc skeletons
  18 orc zombies
  3 rats (D:1)
616 creatures vanquished.

Vanquished Creatures (others)
  A slave (D:4)
  A jelly (D:4)
  An orc wizard (D:11)
  An adder (D:9)
  67 fulminant prisms
  3 plants (D:7)
74 creatures vanquished.

Grand Total: 690 creatures vanquished

Notes
Turn   | Place    | Note
-------+----------+-------------------------------------------
     0 | D:1      | Thyrion the Draconian Conjurer began the quest for the Orb.
     0 | D:1      | Reached XP level 1. HP: 14/14 MP: 3/3
   227 | D:1      | Reached XP level 2. HP: 20/20 MP: 1/5
   299 | D:1      | Learned a level 2 spell: Searing Ray
   906 | D:1      | Reached skill level 1 in Fighting
   976 | D:1      | Reached XP level 3. HP: 26/28 MP: 4/6
  1888 | D:2      | Reached XP level 4. HP: 36/36 MP: 2/7
  2072 | D:2      | Found a sparkling altar of Nemelex Xobeh.
  2072 | D:2      | Found a glowing golden altar of the Shining One.
  2113 | D:3      | Noticed Natasha
  2192 | D:3      | Noticed Jessica
  2197 | D:3      | Killed Jessica
  2216 | D:3      | Reached skill level 5 in Conjurations
  2299 | D:3      | Reached XP level 5. HP: 39/42 MP: 3/8
  2488 | D:3      | Noticed patcoet's ghost (amateur FeMo)
  2515 | D:3      | Killed patcoet's ghost
  2515 | D:3      | Reached XP level 6. HP: 27/50 MP: 2/9
  2744 | D:3      | Killed Natasha
  2927 | D:3      | Noticed Natasha
  2947 | D:3      | Killed Natasha
  3222 | D:3      | Noticed Natasha
  3233 | D:3      | Killed Natasha
  3407 | D:4      | Found a shadowy altar of Dithmenos.
  3413 | D:4      | Noticed Grinder
  3453 | D:4      | Noticed Eustachio
  3494 | D:4      | Reached skill level 6 in Conjurations
  3494 | D:4      | Your scales start taking on a golden yellow colour.
  3494 | D:4      | Reached XP level 7. HP: 57/57 MP: 5/10
  3545 | D:4      | Killed Eustachio
  3637 | D:4      | Killed Grinder
  3829 | D:4      | Reached skill level 5 in Dodging
  3916 | D:4      | Found a deep blue altar of Sif Muna.
  3919 | D:4      | Became a worshipper of Sif Muna the Loreminder
  3978 | D:4      | Found a runed door.
  4046 | D:4      | Noticed Pikel
  4076 | D:4      | Killed Pikel
  4076 | D:4      | Reached skill level 7 in Conjurations
  4076 | D:4      | Reached XP level 8. HP: 58/67 MP: 2/12
  4438 | D:5      | Entered Level 5 of the Dungeon
  4438 | D:5      | Noticed Sigmund
  4449 | D:5      | Found a staircase to the Ecumenical Temple.
  4481 | D:5      | Killed Sigmund
  4583 | D:5      | Found Kogiklumao's Distillery.
  4587 | D:5      | Noticed ShornTheSheep's ghost (amateur MiBe)
  4836 | D:5      | Killed ShornTheSheep's ghost
  4836 | D:5      | Reached skill level 5 in Fighting
  4836 | D:5      | Reached XP level 9. HP: 41/74 MP: 4/13
  4996 | D:5      | Learned a level 3 spell: Dazzling Spray
  5001 | D:5      | Learned a level 4 spell: Iskenderun's Mystic Blast
  5465 | D:5      | Reached skill level 8 in Conjurations
  5578 | D:6      | Reached skill level 1 in Hexes
  5600 | D:6      | Found a shimmering altar of Xom.
  5603 | D:6      | Found a shimmering altar of Xom.
  5603 | D:6      | Found a shimmering altar of Xom.
  5613 | D:6      | Noticed Menkaure
  5624 | D:6      | Killed Menkaure
  5624 | D:6      | Reached * piety under Sif Muna
  6680 | D:7      | Noticed mfyou's ghost (novice MiBe)
  6892 | D:7      | Reached ** piety under Sif Muna
  7061 | D:7      | Reached skill level 5 in Stealth
  7237 | D:7      | Noticed an orc knight
  7286 | D:7      | Killed an orc knight
  7286 | D:7      | Reached skill level 5 in Spellcasting
  7286 | D:7      | Reached XP level 10. HP: 45/83 MP: 0/17
  7349 | D:7      | Noticed an orc knight
  7402 | D:7      | Noticed an orc knight
  7402 | D:7      | Noticed an orc knight
  7454 | D:7      | Reached skill level 9 in Conjurations
  7669 | D:4      | Noticed Crazy Yiuf
  7673 | D:4      | Killed Crazy Yiuf
  7805 | D:8      | Found Afucouv's Book Emporium.
  7818 | D:8      | Noticed Joseph
  7887 | D:8      | Noticed a two-headed ogre
  8182 | D:8      | Found an iron altar of Okawaru.
  8312 | D:8      | Noticed Erica
  8992 | D:9      | Noticed a two-headed ogre
  9059 | D:9      | Learned a level 4 spell: Fulminant Prism
  9165 | D:9      | Found a basalt altar of Yredelemnul.
  9244 | D:9      | Reached *** piety under Sif Muna
  9485 | D:9      | Noticed a two-headed ogre
  9581 | D:9      | Found a staircase to the Lair.
  9593 | D:9      | Reached skill level 1 in Invocations
  9742 | D:9      | Noticed a deep elf mage
  9768 | Lair:1   | Entered Level 1 of the Lair of Beasts
  9910 | D:9      | Killed a deep elf mage
  9930 | D:9      | Found Lusyditsi's Jewellery Shoppe.
 10051 | D:9      | Killed a two-headed ogre
 10196 | D:9      | Killed a two-headed ogre
 10196 | D:9      | Reached XP level 11. HP: 88/91 MP: 0/19
 10267 | D:9      | Reached skill level 5 in Hexes
 10393 | D:9      | Noticed Grum
 10395 | D:9      | Noticed a two-headed ogre
 10432 | D:8      | Killed Grum
 10909 | D:9      | Killed a two-headed ogre
 10909 | D:9      | Reached skill level 10 in Conjurations
 10919 | D:10     | Entered Level 10 of the Dungeon
 11065 | D:10     | Reached **** piety under Sif Muna
 11709 | D:11     | Noticed a two-headed ogre
 11823 | D:10     | Noticed a two-headed ogre
 11872 | D:10     | Killed a two-headed ogre
 12084 | D:11     | Reached skill level 5 in Invocations
 12392 | D:11     | Killed an unseen horror
 12557 | D:11     | Found Ydadghaon's Weapon Boutique.
 12764 | D:11     | Killed a two-headed ogre
 12864 | D:11     | Noticed a two-headed ogre
 12959 | D:11     | Killed an unseen horror
 13197 | D:9      | Reached XP level 12. HP: 91/100 MP: 0/21
 13321 | D:11     | Killed a two-headed ogre
 13717 | D:12     | Reached ***** piety under Sif Muna
 13760 | D:12     | Found a staircase to the Orcish Mines.
 14196 | D:12     | Identified Fucef's Reference Book on Destructive Air (Sif Muna gifted it to you on level 12 of the Dungeon)
 14196 | D:12     | Received a gift from Sif Muna
 14249 | D:12     | Reached skill level 11 in Conjurations
 14266 | D:12     | Learned a level 3 spell: Static Discharge
 14584 | D:12     | Reached skill level 1 in Evocations
 14659 | D:12     | Noticed a two-headed ogre
 14665 | D:12     | Killed a two-headed ogre
 14665 | D:12     | Reached skill level 1 in Air Magic
 14800 | D:12     | Noticed a vault guard
 14816 | D:12     | Killed a vault guard
 14836 | D:12     | Found a portal to a secret trove of treasure.
 15398 | D:13     | Noticed a centaur warrior
 15405 | D:13     | Killed a centaur warrior
 15405 | D:13     | Reached skill level 10 in Dodging
 15457 | D:13     | Learned a level 2 spell: Sublimation of Blood
 15493 | D:13     | Found Liel's Food Shoppe.
 15545 | D:13     | Noticed a brown very ugly thing
 15805 | D:13     | Found Quxzethre's Antique Armour Shoppe.
 15828 | D:13     | Bought a runed buckler for 300 gold pieces
 15870 | D:13     | Reached skill level 1 in Shields
 16228 | D:13     | Noticed a seven-headed hydra
 16229 | D:13     | Reached XP level 13. HP: 96/107 MP: 11/23
 16474 | D:7      | Killed mfyou's ghost
 16553 | D:7      | Reached skill level 1 in Necromancy
 17603 | D:8      | Killed Erica
 17752 | D:8      | Killed Joseph
 17860 | D:9      | Found Lusyditsi's Jewellery Shoppe.
 18064 | D:9      | Found a staircase to the Lair.
 18183 | D:9      | Found a basalt altar of Yredelemnul.
 18591 | Orc:1    | Entered Level 1 of the Orcish Mines
 18777 | Orc:2    | Entered Level 2 of the Orcish Mines
 18799 | Orc:2    | Found a radiant altar of Vehumet.
 18825 | Orc:2    | Identified Sif Muna's Compendium of Enchanting Lightness (Sif Muna gifted it to you on level 2 of the Orcish Mines)
 18825 | Orc:2    | Received a gift from Sif Muna
 18839 | Orc:2    | Found a staircase to the Elven Halls.
 18854 | Orc:1    | Found Kiteog's Distillery.
 19469 | Orc:1    | Bought a potion of heal wounds for 90 gold pieces
 19513 | Orc:1    | Noticed Nergalle
 19531 | Orc:1    | Killed Nergalle
 19683 | Orc:1    | Reached skill level 12 in Conjurations
 19960 | Orc:1    | Reached skill level 5 in Shields
 20293 | Orc:2    | Noticed a stone giant
 20302 | Orc:2    | Killed a stone giant
 20712 | Orc:2    | Found Tyhoddac's Weapon Boutique.
 20712 | Orc:2    | Found Zahaji's Food Shoppe.
 20887 | Orc:2    | Gained mutation: You have acidic saliva. [Yellow Draconian growth]
 20887 | Orc:2    | Reached XP level 14. HP: 118/118 MP: 16/25
 20909 | Orc:2    | Found a roughly hewn altar of Beogh.
 21070 | Orc:2    | Identified Sif Muna's Incunabulum of Ensnaring Dislocation (Sif Muna gifted it to you on level 2 of the Orcish Mines)
 21070 | Orc:2    | Received a gift from Sif Muna
 21094 | Orc:2    | Found Ficzih's Assorted Antiques.
 21094 | Orc:2    | Found Xousoin's Magic Scroll Shoppe.
 21099 | Orc:2    | Bought a scroll of identify for 58 gold pieces
 21099 | Orc:2    | Bought a scroll of identify for 58 gold pieces
 21099 | Orc:2    | Bought a short glowing staff for 348 gold pieces
 21110 | Orc:2    | Bought a scroll of teleportation for 42 gold pieces
 21383 | D:9      | Learned a level 3 spell: Confuse
 21679 | Elf:1    | Entered Level 1 of the Elven Halls
 21849 | D:9      | Learned a level 4 spell: Force Lance
 22692 | Elf:1    | Killed from afar by a deep elf knight

Skill      XL: |  1  2  3  4  5  6  7  8  9 10 11 12 13 14 |
---------------+-------------------------------------------+-----
Dodging        | 2 3 4 5 6 7 8 9 10 | 10.8
Fighting       | 1 2 3 4 5 6 7 8 9 |  9.2
Conjurations   | 5 6 7 8 9 10 11 12 | 12.4
Stealth        | 2 3 4 5 6 |  6.0
Spellcasting   | 3 5 6 7 |  7.6
Hexes          | 3 4 6 7 8 9 |  9.1
Invocations    | 3 5 6 |  6.0
Evocations     | 2 |  2.1
Air Magic      | 1 4 |  4.4
Shields        | 3 5 |  5.5
Necromancy     | 3 |  3.6

Action                   |  1- 3 |  4- 6 |  7- 9 | 10-12 | 13-15 || total
-------------------------+-------+-------+-------+-------+-------++-------
Melee: Dagger            |    49 |    97 |   115 |     1 |     2 ||   264
       Tailslap          |     5 |     9 |    23 |    43 |    26 ||   106
       Long sword        |       |       |    13 |    27 |     6 ||    46
       Whip              |       |       |     5 |       |       ||     5
       Scimitar          |       |       |       |   198 |   162 ||   360
       Short sword       |       |       |       |    17 |       ||    17
       Hand axe          |       |       |       |       |     1 ||     1
       Bite              |       |       |       |       |     4 ||     4
 Fire: Hunting sling     |       |       |     2 |       |    13 ||    15
       Hand crossbow     |       |       |    42 |   239 |   122 ||   403
Throw: Tomahawk          |       |       |       |       |    29 ||    29
 Cast: Magic Dart        |    33 |    27 |    14 |    19 |       ||    93
       Searing Ray       |    14 |    14 |    36 |    68 |    41 ||   173
       Iskenderun's Myst |       |       |    13 |   126 |   105 ||   244
       Dazzling Spray    |       |       |     6 |    45 |    38 ||    89
       Fulminant Prism   |       |       |       |    33 |    34 ||    67
       Sublimation of Bl |       |       |       |       |     8 ||     8
       Force Lance       |       |       |       |       |     7 ||     7
Invok: Divine Energy     |       |       |     1 |       |       ||     1
 Abil: Breathe Acid      |       |       |    15 |    40 |    37 ||    92
Evoke: Wand              |       |       |       |       |     8 ||     8
  Use: Potion            |       |     6 |     3 |       |     3 ||    12
       Scroll            |       |     6 |     7 |    11 |     9 ||    33
 Stab: Sleeping          |     1 |     3 |     3 |     2 |     1 ||    10
       Invisible         |       |       |     1 |     2 |     8 ||    11
       Distracted        |       |       |       |     1 |       ||     1
  Eat: Chunk             |     5 |     6 |    17 |    54 |    35 ||   117
       Fruit             |       |       |     1 |     5 |       ||     6
       Royal jelly       |       |       |       |     1 |     4 ||     5
Armor: Skin              |    34 |    48 |    74 |   172 |    78 ||   406
Dodge: Dodged            |    58 |    82 |   182 |   394 |   277 ||   993
Block: Buckler           |       |       |       |    10 |   127 ||   137
       Rpst.: Long sword |       |       |    22 |    22 |     2 ||    46
       Scimitar          |       |       |       |    76 |    64 ||   140
